 Dungeon Crawl Stone Soup version 0.23.3 (webtiles) character file.

Game seed: 253274460450088887

4870 MordorOrchid the Magician (level 10, 0/74 HPs)
             Began as a Gnoll Air Elementalist on Apr 11, 2020.
             Was an Initiate of Fedhas.
             Killed by the air
             ... invoked by Gastronok
              (24 damage)
             ... on level 9 of the Dungeon.
             The game lasted 00:47:42 (5804 turns).

MordorOrchid the Magician (Gnoll Air Elementalist)  Turns: 5804, Time: 00:47:44

Health: 0/74       AC:  6    Str: 10    XL:     10   Next: 50%
Magic:  3/21       EV: 17    Int: 21    God:    Fedhas [......]
Gold:   519        SH:  0    Dex: 16    Spells: 6/23 levels left

rFire    . . .     SeeInvis .   j - +2 shortbow (freeze)
rCold    + . .     Gourm    .   (shield currently unavailable)
rNeg     . . .     Faith    .   a - +0 robe
rPois    .         Spirit   .   (helmet restricted)
rElec    .         Reflect  .   L - +0 cloak
rCorr    .         Harm     .   t - +0 pair of gloves
MR       .....                  o - +0 pair of boots
Stlth    +++++.....             D - amulet of magic regeneration
HPRegen  0.22/turn              M - ring of stealth
MPRegen  0.42/turn              g - ring of protection from cold

@: very slightly contaminated
A: distributed training, fangs 1, horns 1, MP-powered wands, strong nose
a: Fungal Bloom, Renounce Religion


You were on level 9 of the Dungeon.
You worshipped Fedhas.
Fedhas was noncommittal.
You were hungry.

You visited 2 branches of the dungeon, and saw 10 of its levels.

You collected 519 gold pieces.

Inventory:

Hand Weapons
 b - a +0 dagger
 d - a +0 falchion
 j - a +2 shortbow of freezing (weapon)
 y - a +1 dagger of venom
 A - a +0 rapier
 I - a +0 trident
 Q - a cursed +2 morningstar of freezing
Missiles
 e - 11 poisoned needles
 f - 98 stones
 h - 121 arrows (quivered)
 l - 84 sling bullets
 n - 47 bolts
 q - 20 javelins
 B - 8 tomahawks
 R - a throwing net
 T - 4 silver tomahawks
Armour
 a - a +0 robe (worn)
 o - a +0 pair of boots (worn)
 s - a +0 scale mail
 t - a +0 pair of gloves (worn)
 u - a +0 ring mail
 L - a +0 cloak (worn)
Jewellery
 g - a ring of protection from cold (right hand)
 D - an amulet of magic regeneration (around neck)
 M - a ring of stealth (left hand)
Wands
 N - a wand of paralysis (15)
 U - a wand of iceblast (7)
Scrolls
 k - 4 scrolls of enchant weapon
 v - a scroll of enchant armour {unknown}
 x - a scroll of immolation {unknown}
 z - a scroll of amnesia
 C - 2 scrolls of fog
 F - a scroll of teleportation
 G - 3 scrolls of noise
 H - a scroll of remove curse
 O - 2 scrolls of fear
 S - a scroll of magic mapping {unknown}
Potions
 i - 2 potions of curing
 m - a potion of mutation
 p - 2 potions of haste {unknown}
 r - 3 potions of lignification
 w - a potion of flight {unknown}
 E - a potion of heal wounds {unknown}
 K - 2 potions of agility
 P - 3 potions of cancellation {unknown}
Comestibles
 c - 15 rations
 J - 6 chunks of flesh


   Skills:
 + Level 5.2 Fighting
 + Level 5.2 Short Blades
 + Level 5.2 Long Blades
 + Level 5.2 Axes
 + Level 5.2 Maces & Flails
 + Level 5.2 Polearms
 + Level 5.2 Staves
 + Level 5.2 Slings
 + Level 5.2 Bows
 + Level 5.2 Crossbows
 + Level 5.2 Throwing
 + Level 5.2 Armour
 + Level 7.0 Dodging
 + Level 6.8 Stealth
 + Level 5.2 Shields
 + Level 5.2 Unarmed Combat
 + Level 7.3 Spellcasting
 + Level 4.9 Conjurations
 + Level 4.3 Hexes
 + Level 4.3 Charms
 + Level 4.3 Summonings
 + Level 4.3 Necromancy
 + Level 4.3 Translocations
 + Level 4.3 Transmutations
 + Level 4.3 Fire Magic
 + Level 4.3 Ice Magic
 + Level 7.0 Air Magic
 + Level 4.3 Earth Magic
 + Level 4.3 Poison Magic
 + Level 5.7 Invocations
 + Level 5.2 Evocations


You had 6 spell levels left.
You knew the following spells:

 Your Spells              Type           Power        Failure   Level  Hunger
a - Shock                 Conj/Air       ####         1%          1    None
b - Airstrike             Air            #####.....   4%          4    ###....
f - Lightning Bolt        Conj/Air       ####......   21%         5    #####..
j - Summon Lightning Spi  Summ/Air       ####....     9%          4    ###....
r - Static Discharge      Conj/Air       ####....     2%          3    None

Your spell library contained the following spells:

 Spells                   Type           Power        Failure   Level  Hunger
 Summon Small Mammal      Summ           ####         1%          1    None
 Swiftness                Chrm/Air       ####....     1%          2    None
 Call Imp                 Summ           ####....     2%          2    None
 Call Canine Familiar     Summ           ####....     4%          3    None
 Summon Guardian Golem    Hex/Summ       ####....     4%          3    None
 Summon Ice Beast         Ice/Summ       ####....     14%         4    ###....


Dungeon Overview and Level Annotations

Branches:
Dungeon (9/15)             Temple (1/1) D:6            Lair (0/6) D:8
    Orc (0/2) D:9

Altars:
Ashenzari
Cheibriados
Dithmenos
Elyvilon
Fedhas
Gozag
Hepliaklqana
Kikubaaqudgha
Makhleb
Nemelex Xobeh
Okawaru
Ru
Sif Muna
Trog
Uskayaw
Vehumet
Wu Jian
Xom
Yredelemnul
Zin
The Shining One

Annotations:
D:9 Gastronok


Innate Abilities, Weirdness & Mutations

Your experience applies equally to all skills.
You have very sharp teeth.
Your uncanny sense of smell can sniff out nearby items.
You have a pair of small horns on your head.
You expend magic power (3 MP) to strengthen your wands.


Message History

Aim: Gastronok, wearing a +0 hat (almost dead)
You shoot an arrow. The arrow hits Gastronok.
The arrow freezes Gastronok.
Gastronok is almost dead.
Gastronok's eyestalks quiver as he mumbles some strange words.
Gastronok puts on a burst of speed!
Firing (i - inventory. (/) - cycle)
h - 123 arrows (quivered)
Press: ? - help, Shift-Dir - straight line, f/p - Gastronok
Aim: Gastronok, wearing a +0 hat (almost dead, covering ground quickly)
You shoot an arrow. The arrow hits Gastronok!
The arrow freezes Gastronok.
Gastronok is almost dead.
Firing (i - inventory. (/) - cycle)
h - 122 arrows (quivered)
Press: ? - help, Shift-Dir - straight line, f/p - Gastronok
Aim: Gastronok, wearing a +0 hat (almost dead, covering ground quickly)
You shoot an arrow.
The arrow hits Gastronok but does no damage.
Gastronok is almost dead.
Gastronok waves his eye-stalks in wide circles.
The air twists around and strikes you!
You die...
Fedhas appreciates your contribution to the ecosystem.

.......# .......#
.......# +#######
##+## ###+#######
......#####......>..#
......'.†.((w...@...+
......#####8........#
$.... #.........#
#### #####'##### ##
##.# ##. ##..# #..
#..## #.# ##'#####
#.# ####......#


You could see Gastronok and a friendly lightning spire.

Vanquished Creatures
  Maurice (D:9)
  A hornet (D:9)
  Grinder (D:3)
  A hippogriff (D:8)
  2 water moccasins
  An ice beast (D:9)
  An orc warrior (D:7)
  5 phantoms
  A sky beast (D:7)
  A black bear (D:6)
  A necrophage (D:8)
  5 ogres
  5 centaurs
  A bullfrog (D:9)
  3 scorpions
  A water moccasin skeleton (D:7)
  3 killer bees (D:9)
  2 howler monkeys
  3 wights (D:7)
  3 jellies
  10 crimson imps
  A quasit (D:6)
  A bullfrog zombie (D:8)
  4 hounds
  3 orc priests
  2 bullfrog skeletons (D:4)
  7 orc wizards
  Terence (D:2)
  An iguana (D:8)
  7 worker ants
  A hound zombie (D:6)
  A worker ant zombie (D:5)
  4 gnolls (D:6)
  13 adders
  3 shadow imps
  3 worms
  3 dart slugs (D:1)
  6 leopard geckos
  24 orcs
  6 giant cockroaches
  6 hobgoblins
  14 jackals
  6 kobolds
  5 quokkas
  10 bats
  8 frilled lizards
  7 goblins
  2 leopard gecko skeletons
  2 quokka skeletons (D:4)
  8 rats
211 creatures vanquished.

Vanquished Creatures (collateral kills)
  A hound (D:9)
1 creature vanquished.

Vanquished Creatures (others)
  9 toadstools
9 creatures vanquished.

Grand Total: 221 creatures vanquished

Notes
Turn   | Place    | Note
-------+----------+-------------------------------------------
     0 | D:1      | MordorOrchid the Gnoll Air Elementalist began the quest for
                  | the Orb.
     0 | D:1      | Reached XP level 1. HP: 13/13 MP: 6/6
    94 | D:1      | Reached XP level 2. HP: 19/19 MP: 2/7
   323 | D:1      | Reached XP level 3. HP: 25/25 MP: 5/9
   328 | D:1      | Learned a level 3 spell: Static Discharge
   366 | D:1      | Reached skill level 5 in Spellcasting
   622 | D:2      | Noticed Terence
   650 | D:2      | Reached skill level 1 in Invocations
   774 | D:2      | Killed Terence
   774 | D:2      | Reached skill level 1 in Fighting
   774 | D:2      | Reached skill level 1 in Short Blades
   774 | D:2      | Reached skill level 1 in Long Blades
   774 | D:2      | Reached skill level 1 in Axes
   774 | D:2      | Reached skill level 1 in Maces & Flails
   774 | D:2      | Reached skill level 1 in Polearms
   774 | D:2      | Reached skill level 1 in Staves
   774 | D:2      | Reached skill level 1 in Slings
   774 | D:2      | Reached skill level 1 in Bows
   774 | D:2      | Reached skill level 1 in Crossbows
   774 | D:2      | Reached skill level 1 in Throwing
   774 | D:2      | Reached skill level 1 in Armour
   774 | D:2      | Reached skill level 1 in Shields
   774 | D:2      | Reached skill level 1 in Unarmed Combat
   774 | D:2      | Reached skill level 1 in Evocations
   774 | D:2      | Reached XP level 4. HP: 14/32 MP: 3/11
   916 | D:2      | Reached skill level 1 in Hexes
   916 | D:2      | Reached skill level 1 in Charms
   916 | D:2      | Reached skill level 1 in Summonings
   916 | D:2      | Reached skill level 1 in Necromancy
   916 | D:2      | Reached skill level 1 in Translocations
   916 | D:2      | Reached skill level 1 in Transmutations
   916 | D:2      | Reached skill level 1 in Fire Magic
   916 | D:2      | Reached skill level 1 in Ice Magic
   916 | D:2      | Reached skill level 1 in Earth Magic
   916 | D:2      | Reached skill level 1 in Poison Magic
  1025 | D:2      | Gained mutation: You have a pair of small horns on your
                  | head. [potion of mutation]
  1025 | D:2      | Gained mutation: You expend magic power (3 MP) to
                  | strengthen your wands. [potion of mutation]
  1031 | D:2      | Reached XP level 5. HP: 37/37 MP: 8/12
  1040 | D:2      | Learned a level 4 spell: Airstrike
  1046 | D:2      | Learned a level 5 spell: Lightning Bolt
  1218 | D:3      | Noticed Grinder
  1231 | D:3      | Killed Grinder
  1231 | D:3      | Reached skill level 5 in Dodging
  1231 | D:3      | Reached XP level 6. HP: 44/44 MP: 8/14
  1620 | D:4      | Reached XP level 7. HP: 46/50 MP: 9/15
  1920 | D:4      | You fall through a shaft for 3 floors!
  2047 | D:7      | Reached skill level 5 in Stealth
  2334 | D:7      | Reached XP level 8. HP: 48/57 MP: 4/16
  2353 | D:7      | Found a shattered altar of Ashenzari.
  2357 | D:7      | Saw a vision of the Swamp and the Spider Nest.
  2357 | D:7      | Noticed a hornet
  2357 | D:7      | Noticed a wolf spider
  2357 | D:7      | Noticed a wolf spider
  2357 | D:7      | Noticed an alligator
  2361 | D:7      | Noticed a redback
  2683 | D:5      | Entered Level 5 of the Dungeon
  2857 | D:5      | Found a radiant altar of Vehumet.
  2862 | D:5      | Found a hazy altar of Hepliaklqana.
  2862 | D:5      | Found an opulent altar of Gozag.
  2862 | D:5      | Found an ancient bone altar of Kikubaaqudgha.
  2865 | D:5      | Found an ornate altar of the Wu Jian Council.
  2945 | D:5      | Reached XP level 9. HP: 65/65 MP: 3/18
  3642 | D:6      | Found a staircase to the Ecumenical Temple.
  3739 | Temple   | Entered the Ecumenical Temple
  3825 | Temple   | Became a worshipper of Fedhas Madash
  3920 | D:6      | Learned a level 4 spell: Summon Lightning Spire
  3926 | D:6      | Found a hide-covered altar of Uskayaw.
  4360 | D:7      | Found a glowing golden altar of the Shining One.
  4361 | D:7      | Found a burning altar of Makhleb.
  4363 | D:7      | Found a white marble altar of Elyvilon.
  4364 | D:7      | Found a hide-covered altar of Uskayaw.
  4597 | D:7      | Reached skill level 5 in Invocations
  4860 | D:8      | Found a staircase to the Lair.
  4951 | D:8      | Reached XP level 10. HP: 73/73 MP: 8/20
  5515 | D:9      | Reached skill level 5 in Fighting
  5515 | D:9      | Reached skill level 5 in Short Blades
  5515 | D:9      | Reached skill level 5 in Long Blades
  5515 | D:9      | Reached skill level 5 in Axes
  5515 | D:9      | Reached skill level 5 in Maces & Flails
  5515 | D:9      | Reached skill level 5 in Polearms
  5515 | D:9      | Reached skill level 5 in Staves
  5515 | D:9      | Reached skill level 5 in Slings
  5515 | D:9      | Reached skill level 5 in Bows
  5515 | D:9      | Reached skill level 5 in Crossbows
  5515 | D:9      | Reached skill level 5 in Throwing
  5515 | D:9      | Reached skill level 5 in Armour
  5515 | D:9      | Reached skill level 5 in Shields
  5515 | D:9      | Reached skill level 5 in Unarmed Combat
  5515 | D:9      | Reached skill level 5 in Evocations
  5529 | D:9      | Found a staircase to the Orcish Mines.
  5723 | D:9      | Noticed Maurice
  5749 | D:9      | Killed Maurice
  5782 | D:9      | Noticed Gastronok
  5804 | D:9      | Killed from afar by Gastronok

Skill      XL: |  1  2  3  4  5  6  7  8  9 10 |
---------------+-------------------------------+-----
Conjurations   | 2 3 4 |  4.9
Spellcasting   | 5 6 7 |  7.3
Invocations    | 1 2 3 4 5 |  5.7
Fighting       | 1 2 3 4 5 |  5.2
Short Blades   | 1 2 3 4 5 |  5.2
Long Blades    | 1 2 3 4 5 |  5.2
Axes           | 1 2 3 4 5 |  5.2
Maces & Flails | 1 2 3 4 5 |  5.2
Polearms       | 1 2 3 4 5 |  5.2
Staves         | 1 2 3 4 5 |  5.2
Slings         | 1 2 3 4 5 |  5.2
Bows           | 1 2 3 4 5 |  5.2
Crossbows      | 1 2 3 4 5 |  5.2
Throwing       | 1 2 3 4 5 |  5.2
Armour         | 1 2 3 4 5 |  5.2
Shields        | 1 2 3 4 5 |  5.2
Unarmed Combat | 1 2 3 4 5 |  5.2
Evocations     | 1 2 3 4 5 |  5.2
Hexes          | 1 2 3 4 |  4.3
Charms         | 1 2 3 4 |  4.3
Summonings     | 1 2 3 4 |  4.3
Necromancy     | 1 2 3 4 |  4.3
Translocations | 1 2 3 4 |  4.3
Transmutations | 1 2 3 4 |  4.3
Fire Magic     | 1 2 3 4 |  4.3
Ice Magic      | 1 2 3 4 |  4.3
Earth Magic    | 1 2 3 4 |  4.3
Poison Magic   | 1 2 3 4 |  4.3
Dodging        | 5 6 7 |  7.0
Stealth        | 5 6 |  6.8
Air Magic      | 6 7 |  7.0

Action                   |  1- 3 |  4- 6 |  7- 9 | 10-12 || total
-------------------------+-------+-------+-------+-------++-------
Melee: Dagger            |    13 |    12 |     1 |     2 ||    28
       Bite              |     1 |       |     3 |       ||     4
       War axe           |       |    14 |    11 |       ||    25
       Headbutt          |       |     4 |     3 |       ||     7
 Fire: Shortbow          |       |       |   173 |    37 ||   210
 Cast: Shock             |    55 |    71 |    23 |    13 ||   162
       Airstrike         |       |     3 |    95 |    46 ||   144
       Static Discharge  |       |       |     3 |       ||     3
       Summon Lightning  |       |       |     1 |     3 ||     4
Invok: Fungal Bloom      |       |       |     3 |     2 ||     5
Evoke: Wand              |       |       |       |     2 ||     2
  Use: Scroll            |     5 |     2 |     7 |       ||    14
       Potion            |       |     2 |       |     1 ||     3
 Stab: Sleeping          |     4 |     4 |       |     1 ||     9
       Paralysed         |       |       |       |     1 ||     1
  Eat: Chunk             |       |     3 |    23 |     7 ||    33
Armor: Robe              |     3 |     4 |    21 |     1 ||    29
       Skin              |       |     1 |       |       ||     1
Dodge: Dodged            |    20 |    30 |    92 |     7 ||   149
